 Dungeon Crawl Stone Soup version 0.27.0-1-g7a089689b8 (webtiles) character file.

Game seed: 15060559557347406419

88 mainiacjoe the Shield-Bearer (level 4, -1/31 HPs)
             Began as a Djinni Air Elementalist on Aug 12, 2021.
             Slain by a phantom (3 damage)
             ... on level 4 of the Dungeon on Aug 13, 2021.
             The game lasted 00:13:10 (3017 turns).

mainiacjoe the Shield-Bearer (DjAE)                 Turns: 3017, Time: 00:13:11

Health: -1/31      AC:  2    Str:  7    XL:     4   Next: 81%
Gold:   91         EV: 12    Int: 18    God:
                   SH:  4    Dex: 13

rFire    + + .     SeeInvis .   o - +2 dagger (venom)
rCold    x . .     Faith    .   g - +0 buckler
rNeg     . . .     Spirit   .   e - +0 robe
rPois    ∞         Reflect  .   (no helmet)
rElec    .         Harm     .   (no cloak)
rCorr    .         Rampage  .   (no gloves)
Will     .....                  (boots unavailable)
Stlth    ++........             (no amulet)
HPRegen  0.10/turn              (no ring)
MPRegen  0.00/turn              (no ring)

@: flying, hasted, very quick
A: sickness immunity, fire resistance 2, cold vulnerability 1, float, innate
caster, hp casting, extra vitality 1
a: no special abilities


You were on level 4 of the Dungeon.
You visited 1 branch of the dungeon, and saw 4 of its levels.

You collected 91 gold pieces.

Inventory:

Hand Weapons
 a - a +0 dagger
 b - a +0 short sword
 o - a +2 dagger of venom (weapon)
Missiles
 c - 135 arrows
 d - 126 stones (quivered)
 k - 24 bolts
Armour
 e - a +0 robe (worn)
 g - a +0 buckler (worn)
Scrolls
 f - a scroll of enchant weapon {unknown}
 p - a scroll of identify {unknown}
 q - a scroll of teleportation {unknown}
Potions
 i - a potion of magic {unknown}
 j - a potion of mutation
 l - a potion of curing {unknown}
 m - a potion of ambrosia {unknown}
 n - a potion of berserk rage {unknown}
 r - a potion of cancellation {unknown}
 s - a potion of haste


   Skills:
 - Level 2.1 Dodging
 - Level 1.9 Stealth
 + Level 3.1 Shields
 + Level 2.9 Spellcasting


You couldn't memorise any spells.
You knew the following spells:

 Your Spells              Type           Power      Damage    Failure   Level
a - Shock                 Conj/Air       52%        1d6       5%          1
b - Static Discharge      Conj/Air       13%        N/A       9%          2
c - Swiftness             Air            13%        N/A       16%         3
d - Airstrike             Air            6%         N/A       47%         4
e - Apportation           Tloc           26%        N/A       5%          1
Your spell library was empty.

Dungeon Overview and Level Annotations

Branches:
Dungeon (3/15)

Altars:
Ru


Innate Abilities, Weirdness & Mutations

You are immune to sickness and miasma.
You are immune to poison.
Your flesh is very heat resistant. (rF++)
You are vulnerable to cold. (rC-)
You float through the air rather than walking.
You learn spells naturally, not from books.
Your magical power is your life essence.
You have superior vitality. (+4 HP)


Message History

The phantom is struck by an arc of lightning.
The phantom is moderately damaged.
The lightning grounds out.
The phantom hits you. The dart slug launches a dart at you.
The slug dart hits you.
Casting: Static Discharge (safe; 9% risk of failure)
Confirm with . or Enter, or press ? or * to list all spells.
Aiming: Shock (safe; 5% risk of failure)
Press: ? - help, Shift-Dir - straight line The zap misses the phantom.
The zap hits the phantom.
The phantom is moderately damaged.
The phantom barely misses you.
Casting: Shock (safe; 5% risk of failure)
Confirm with . or Enter, or press ? or * to list all spells.
Aiming: Shock (safe; 5% risk of failure)
Press: ? - help, Shift-Dir - straight line The zap hits the phantom.
The phantom is heavily damaged.
The zap hits the phantom.
The phantom is severely damaged.
The phantom hits you.
The phantom blinks!
You blink.
Casting: Shock (safe; 5% risk of failure)
Confirm with . or Enter, or press ? or * to list all spells.
Aiming: Shock (safe; 5% risk of failure)
Press: ? - help, Shift-Dir - straight line
Okay, then.
The phantom hits you!
* * * LOW HITPOINT WARNING * * *
The phantom blinks!
You blink.
The kobold closely misses you.
It was a potion of mutation.
You feel extremely strange.
You feel frail.
You feel robust. The phantom closely misses you.
The kobold hits you but does no damage.
A giant cockroach comes into view.
The dart slug launches a dart at you. The slug dart hits you.
* * * LOW HITPOINT WARNING * * *
There is an open door here.
A necrophage comes into view.
It was a potion of haste.
You feel yourself speed up. The phantom hits you.
You die...

.. #......#
B####......#
..B.........n#
............#
...........#####
..............#
##+######'##..........+
#..........#@.........#
#..........#W.........#
#.......$..K..........#
#..........#..........#
+......##..#...?......#
#..##..##..#w.........#
#. #..##..#..........#
# .......#..........#
#....$..#..........+


You could see a phantom, a necrophage (wandering), a dart slug, a giant
cockroach and a kobold.

Vanquished Creatures
  4 adders
  A dart slug (D:1)
  An orc (D:3)
  7 endoplasms
  A giant cockroach (D:1)
  8 hobgoblins
  3 jackals (D:2)
  2 quokkas
  5 bats
  3 frilled lizards
  2 goblins
  8 kobolds
  A rat (D:3)
46 creatures vanquished.

Notes
Turn   | Place    | Note
-------+----------+-------------------------------------------
     0 | D:1      | mainiacjoe the Djinni Air Elementalist began the quest for
                  | the Orb.
     0 | D:1      | Reached XP level 1. HP: 15/15 MP: 0/0
   416 | D:1      | Reached XP level 2. HP: 16/21 MP: 0/0
   906 | D:1      | Found a faded altar of an unknown god.
  1163 | D:1      | Reached skill level 1 in Shields
  1396 | D:1      | Reached XP level 3. HP: 25/25 MP: 0/0
  1396 | D:1      | Learned a level 1 spell: Apportation
  1899 | D:2      | Reached skill level 2 in Shields
  2122 | D:2      | Reached XP level 4. HP: 23/31 MP: 0/0
  2503 | D:3      | Reached skill level 3 in Shields
  2788 | D:3      | Found a sacrificial altar of Ru.
  2998 | D:3      | You are sucked into a shaft and drop 1 floor!
  3005 | D:4      | Noticed a phantom
  3013 | D:4      | Gained mutation: You are frail. (-10% HP) [potion of
                  | mutation]
  3013 | D:4      | Lost mutation: You are frail. (-10% HP) [potion of
                  | mutation]
  3016 | D:4      | Noticed a necrophage
  3017 | D:4      | Slain by a phantom

Illustrated notes

Levels and vault maps discovered:
D:1:      heliophobic_arrival_henge, layout_basic, basic_ecumenical_altar
D:2:      layout_basic, serial_forest, infiniplex_forest_lined_room_2,
          infiniplex_forest_lined_2, infiniplex_forest_straight_1,
          infiniplex_forest_clump_small
D:3:      layout_loops_corners, mainiacjoe_overflow_alcove_1,
          nicolae_gozag_zags_fifth_avenue, mainiacjoe_overflow_chevrons,
          nrook_mini_backslash
D:4:      layout_gridville, lemuel_tele_altar, serial_shops, shop,
          columned_hall_lemuel, chequers_serial_rivers_micro_e,
          grunt_ministairs_9, uniq_menkaure

Skill      XL: |  1  2  3  4 |
---------------+-------------+-----
Shields        | 1 2 3 |  3.1
Dodging        | |  2.1
Stealth        | |  1.9
Spellcasting   | |  2.9

Action                   |  1- 3 |  4- 6 || total
-------------------------+-------+-------++-------
Melee: Short sword       |    14 |       ||    14
       Dagger            |     4 |     6 ||    10
Throw: Stone             |    43 |     1 ||    44
 Cast: Shock             |    52 |    29 ||    81
       Static Discharge  |     2 |     2 ||     4
  Use: Potion            |       |     2 ||     2
       Scroll            |       |     1 ||     1
 Stab: Sleeping          |     2 |       ||     2
Armor: Robe              |     7 |     3 ||    10
Dodge: Dodged            |    14 |    11 ||    25
Block: Buckler           |     2 |     2 ||     4
